 Dungeon Crawl Stone Soup version 0.16-a0-2675-g216447c (console) character file.

153 utis the Cudgeler (level 5, 0/32 HPs)
             Began as a Kobold Fighter on Nov 24, 2014.
             Killed from afar by an orc wizard (4 damage)
             ... with a magic dart
             ... on level 3 of the Dungeon.
             The game lasted 00:08:26 (4144 turns).

utis the Cudgeler (Kobold Fighter)                  Turns: 4144, Time: 00:08:26

Health: 0/32       AC:  7    Str: 19    XL:     5   Next: 61%
Magic:  5/5        EV: 10    Int:  7    God:
Gold:   98         SH:  5    Dex: 12    Spells: 0 memorised, 4 levels left

rFire  . . .     SeeInvis .     y - +1 dagger (venom) {=f}
rCold  . . .     Clarity  .     b - +1 scale mail
rNeg   . . .     SustAb   .     c - +0 buckler
rPois  .         Gourm    .     (no helmet)
rElec  .         Spirit   .     (no cloak)
rCorr  .         Warding  .     (no gloves)
rMut   .         Stasis   .     (no boots)
MR     .....                    (no amulet)
Stlth  ..........               w - -3 ring of dexterity (curse)
                                f - +4 ring of strength

@: very slightly contaminated, hasted, very quick, not resistant to hostile
enchantments, extremely unstealthy
A: carnivore 3
a: no special abilities


You were on level 3 of the Dungeon.
You were very full.

You visited 1 branch of the dungeon, and saw 3 of its levels.

You collected 98 gold pieces.

Inventory:

Hand weapons
 a - a +0 flail
 y - a +1 dagger of venom (weapon) {=f}
Missiles
 h - 59 stones (quivered)
 k - 4 curare-tipped needles {=f}
Armour
 b - a +1 scale mail (worn)
 c - a +0 buckler (worn)
Jewellery
 f - a +4 ring of strength (left hand)
 w - a cursed -3 ring of dexterity (right hand)
 x - an uncursed amulet of faith {!P}
Scrolls
 g - a scroll of remove curse
 i - 2 scrolls of immolation
 j - a scroll of teleportation {!r}
 l - a scroll of blinking {unknown}
 n - a scroll of recharging
 s - a scroll of enchant armour
 v - a scroll of identify
Potions
 e - a potion of might
 m - 3 potions of confusion
 q - a potion of brilliance
 r - a potion of restore abilities {unknown}
 t - a potion of mutation {unknown}
 u - a potion of beneficial mutation {unknown}
Comestibles
 d - a meat ration


   Skills:
 + Level 3.4 Fighting
 - Level 5.3 Maces & Flails
 - Level 2.4 Armour
 - Level 2.4 Shields


You had 4 spell levels left.
You didn't know any spells.

Dungeon Overview and Level Annotations

Branches:
Dungeon (3/15)

Altars:
Qazlal


Innate Abilities, Weirdness & Mutations

You are small and have problems with some larger weapons.
You are carnivorous and can eat meat at any time.


Message History

The orc curses loudly.
The orc hits you but does no damage.
Unknown command.
Drink which item? (? for menu, Esc to quit)
You feel yourself speed up. The orc closely misses you.
You are very lightly contaminated with residual magic.
Unknown command.
The orc wizard hits you but does no damage.
The orc hits you but does no damage.
Things that are here:
a vampiric hand axe; a leather armour; an orc corpse You barely miss the orc wizard.
The orc hits you but does no damage.
You closely miss the orc wizard. The orc hits you with a club.
* * * LOW HITPOINT WARNING * * *
The orc wizard closely misses you. The orc barely misses you.
You closely miss the orc wizard. The orc closely misses you.
The orc wizard points at you and mumbles some strange words.
The magic dart hits you!
You die...

▓▓▓ ▓................... ▓▓▓.▓▓
▓.▓.▓ ▓▓.h........▓ .....▓
▓.▓.▓▓.▓▓..▓.▓▓..... .▓..▓▓
▓.▓.▓..▓▓..▓.▓ .
.▓..▓▓▓▓▓▓!▓.▓.▓▓▓..▓.▓ ...
▓......➘⚶⚶⚶⚶⚶⚶⚶⚶⚶⚶⚶.⚶.▓ ▓...▓
.▓.▓▓▓▓.⚶.[...⚶...⚶.⚶.▓ ▓...▓
.▓.▓▓▓▓.⚶⚶⚶.⚶⚶⚶o⚶⚶⚶.⚶.▓ ▓...▓ ▓
...▓▓...⚶.⚶..).)Ko..⚶.▓▓▓▓...▓▓..
.▓▓▓▓...⚶.⚶⚶⚶.⚶o⚶⚶⚶⚶⚶..........▓
)▓ ▓...⚶.⚶...⚶.....⚶.........▓▓▓
)▓ ▓...⚶.⚶.⚶⚶⚶⚶⚶.⚶⚶⚶..........▓.
.▓ ▓.....⚶...⚶.......▓▓▓.....▓.>
.▓ ▓▓▓▓⚶.⚶.⚶⚶⚶.⚶⚶⚶.⚶.▓ ▓......<.
.▓▓ ▓⚶.....⚶.⚶...⚶.▓ ▓.....▓▓▓
..▓ ▓⚶⚶⚶⚶⚶⚶⚶⚶⚶.⚶⚶⚶.▓ ▓.....▓▓▓
..▓▓▓ ▓▓▓........▓▓▓.▓ ▓..>....▓


You could see an orc wizard and 2 orcs.

Vanquished Creatures
  4 adders (D:2)
  5 worms
  An adder zombie (D:1)
  4 giant geckos
  2 oozes
  4 orcs (D:3)
  A ball python (D:2)
  6 bats
  3 giant cockroaches
  7 hobgoblins
  7 jackals
  9 kobolds
  A ball python zombie (D:1)
  2 giant newts
  10 goblins
  5 rats
71 creatures vanquished.

Notes
Turn   | Place    | Note
--------------------------------------------------------------
     0 | D:1      | utis, the Kobold Fighter, began the quest for the Orb.
     0 | D:1      | Reached XP level 1. HP: 14/14 MP: 1/1
   168 | D:1      | Reached XP level 2. HP: 19/19 MP: 2/2
   534 | D:1      | Reached XP level 3. HP: 15/23 MP: 3/3
  1536 | D:2      | Noticed a fire elemental
  1537 | D:2      | Found a stormy altar of Qazlal.
  1541 | D:2      | Noticed a water elemental
  1546 | D:2      | Noticed an air elemental
  1546 | D:2      | Noticed an earth elemental
  1677 | D:2      | Reached skill level 4 in Maces & Flails
  1677 | D:2      | Reached XP level 4. HP: 23/28 MP: 4/4
  2998 | D:2      | Reached XP level 5. HP: 28/32 MP: 5/5
  3323 | D:3      | Reached skill level 5 in Maces & Flails
  4144 | D:3      | Killed from afar by an orc wizard

Action                   |  1- 3 |  4- 6 || total
-------------------------+-------+-------++-------
Melee: Flail             |    88 |   167 ||   255
       Dagger            |       |    20 ||    20
Throw: Stone             |     9 |    31 ||    40
  Use: Scroll            |     5 |     4 ||     9
       Potion            |       |     1 ||     1
  Eat: Chunk             |    10 |     8 ||    18
